Map: Interloper LE

Players

ffnando - Winner!

  • Race: Terran Terran
  • League: Platinum
  • Spawn Location: 5:00

Yata

  • Race: Zerg Zerg
  • League: Platinum
  • Spawn Location: 11:00

VOD

Have the link to the VOD?

Description

Time

  • Played on: Nov. 8, 2017, 3:41 p.m.
  • Length: 8:50
Show
View Real Time Build Order
Export as new Build Order

ffnando Terran - Winner!

Build Orders:  

Get SALT Encoding   

  12  0:01  SCV  
  13  0:13  SCV  
  14  0:19  Supply Depot  
  14  0:25  SCV  
  15  0:41  SCV  
  16  0:54  Barracks  
  16  0:55  Barracks  
  16  0:59  SCV  
  17  1:11  SCV  
  18  1:19  Barracks  
  18  1:23  SCV  
  19  1:42  Barracks  
  19  1:44  Marine  
  19  1:45  Barracks  
  20  1:53  Supply Depot  
  20  1:54  Marine  
  21  2:03  Marine  
  21  2:06  Marine  
  23  2:14  Marine  
  24  2:21  Marine  
  25  2:23  Supply Depot  
  25  2:26  Marine  
  26  2:32  Marine  
  26  2:33  Marine  
  26  2:34  Marine  
  29  2:39  SCV  
  29  2:41  Marine  
  31  2:45  Marine  
  31  2:49  Marine  
  33  2:58  Supply Depot  
  33  3:00  Marine x2  
  33  3:01  Marine  
  36  3:09  Marine x2  
  38  3:18  Marine  
  38  3:19  Marine x2  
  41  3:30  Marine x2  
  43  3:35  Supply Depot  
  43  3:36  Marine  
  43  3:38  Marine  
  45  3:51  Marine x2  
  47  3:56  Marine  
  47  3:57  Marine x2  
  50  4:09  Marine x2  
  49  4:14  Marine  
  46  4:25  Marine x2  
  46  4:26  Marine  
  46  4:27  Marine  
  50  4:32  Marine  
  50  4:36  Bunker  
  51  4:43  Marine x2  
  51  4:44  Marine  
  52  4:52  Marine  
  53  4:53  Marine  
  54  5:00  Marine  
  55  5:10  Marine  
  55  5:21  Marine  
  55  5:48  Supply Depot  
  55  5:49  Orbital Command  
  55  5:59  Command Center  
  55  6:09  Marine x5  
  56  6:27  Marine x5  
  59  6:45  Marine x4  
  63  6:52  Marine  
  63  6:53  Supply Depot, SCV  
  65  7:03  Marine x4  
  67  7:10  Marine  
  50  7:20  Marine x4  
  50  7:28  Marine  
  47  7:38  Marine x3  
  50  7:44  SCV  
  50  7:46  Marine x2  
  50  7:56  SCV, Marine  
  52  8:02  Marine x2  
  52  8:04  Marine x2  
  56  8:08  SCV  
  57  8:14  Marine  
  58  8:20  SCV, Marine x2  
  58  8:22  Marine x2  
  63  8:32  Marine  
Show
View Real Time Build Order
Export as new Build Order

Yata Zerg 

Build Orders: Hatch First 

Get SALT Encoding   

  12  0:00  Drone  
  13  0:13  Overlord  
  13  0:17  Drone  
  14  0:31  Drone x2  
  14  0:35  Drone  
  17  0:55  Hatchery  
  16  0:57  Drone  
  16  1:01  Drone  
  18  1:11  Extractor  
  17  1:19  Spawning Pool, Drone  
  17  1:23  Drone  
  18  1:28  Drone  
  19  1:39  Overlord  
  19  1:50  Drone  
  20  2:00  Drone  
  21  2:06  Queen  
  21  2:07  Queen  
  25  2:12  Zergling x4  
  27  2:17  Metabolic Boost  
  27  2:19  Evolution Chamber  
  27  2:21  Drone  
  27  2:26  Drone  
  28  2:36  Drone x2  
  30  2:41  Baneling Nest  
  30  2:42  Drone  
  30  2:47  Overlord  
  30  3:03  Drone  
  30  3:04  Drone x2  
  33  3:08  Drone  
  33  3:12  Pneumatized Carapace  
  34  3:13  Overlord  
  34  3:19  Zergling x2  
  36  3:20  Zergling x4  
  36  3:26  Overlord x2  
  37  3:34  Drone x3  
  37  3:35  Drone  
  37  3:36  Baneling  
  37  3:37  Baneling  
  41  3:43  Drone  
  42  3:54  Drone x2  
  44  4:04  Drone x3  
  44  4:05  Drone  
  44  4:09  Zergling x6  
  51  4:15  Zergling x4  
  53  4:23  Zergling x4  
  48  4:36  Spore Crawler  
  44  4:40  Spine Crawler  
  42  4:45  Zergling x2  
  42  4:46  Zergling x10  
  42  5:03  Zergling x2  
  42  5:04  Zergling x8  
  35  5:15  Hatchery  
  35  5:19  Hatchery  
  35  5:21  Zergling x8  
  22  7:49  Spawning Pool  
  21  7:54  Drone x2  
  21  7:55  Drone x2  
  25  8:07  Drone x3  
  25  8:08  Drone  
Tags
 
Matchup
TvZ
Replay Pack
Pack 1
Spawn Locations
Cross Positions
Add a new tag
Caveats
  • Supply blocks, unpowered buildings, or Contaminate may cause inaccurate times.
  • Supply counts are checked every 10 seconds.